[Event "Titled Tuesday Blitz August 09 Early 2022"]
[White "Xu, Yi"]
[Black "Maksimenko, Viktor"]
[WhiteFideId "8605564"]
[BlackFideId "13710478"]
[WhiteElo "2471"]
[BlackElo "2269"]
[Result "1-0"]
[Round "06"]
[TimeControl "180+1"]
[Date "2022.08.09"]
[WhiteClock "0:00:15"]
[BlackClock "0:00:01"]

1. e4 c5 2. Nf3 e6 3. d4 cxd4 4. Nxd4 Nc6 5. Nc3 a6 6. Be3 Nf6 7. Nxc6 bxc6 8. e5 Nd5 9. Nxd5 cxd5 10. Bd3 Qc7 11. f4 Bc5 12. Qf3 Rb8 13. Rb1 Qa5+ 14. Ke2 O-O 15. a3 Bxe3 16. Qxe3 f6 17. Rhf1 d6 18. Qh3 g6 19. exf6 e5 20. Qh6 Rb7 21. fxe5 Bg4+ 22. Kf2 dxe5 23. Kg3 Bc8 24. Bxg6 hxg6 25. Qxg6+ Kh8 26. Qh6+ Kg8 27. Qg5+ Kh8 28. Qxe5 Rbf7 29. Rf4 Rg8+ 30. Kf3 Rff8 31. Rh4# 1-0


[Site "https://www.chess.com"]

[Event "Titled Tuesday Blitz August 09 Early 2022"]
[White "Yedidia, Daniel"]
[Black "Zaichenko, Daria"]
[WhiteFideId "30905907"]
[BlackFideId "4197453"]
[WhiteElo "2542"]
[BlackElo "2039"]
[Result "1-0"]
[Round "06"]
[TimeControl "180+1"]
[Date "2022.08.09"]
[WhiteClock "0:00:19"]
[BlackClock "0:01:03"]

1. d4 d5 2. c4 e6 3. Nc3 Be7 4. Nf3 Nf6 5. Bg5 h6 6. Bh4 O-O 7. e3 Ne4 8. Bxe7 Qxe7 9. Bd3 f5 10. O-O Nd7 11. cxd5 Nxc3 12. bxc3 exd5 13. c4 dxc4 14. Bxc4+ Kh8 15. Rc1 c6 16. Bd3 f4 17. exf4 Rxf4 18. Re1 Qf8 19. Bg6 Qd6 20. Re8+ Rf8 21. Rxf8+ Nxf8 22. Ne5 Qf6 23. Qd3 Be6 24. h3 Nxg6 25. Nxg6+ Kg8 26. Ne5 Rf8 27. Qe3 a6 28. Rb1 b5 29. Rb2 Bd5 30. f3 Re8 31. Re2 g5 32. Ng4 Rxe3 33. Nxf6+ Kf7 34. Rxe3 Kxf6 35. Ra3 Kf5 36. Kf2 h5 37. Rxa6 h4 38. Ke3 Kg6 39. a3 Kf5 40. Ra8 Kg6 41. Rf8 Kh5 42. Rf6 g4 43. hxg4+ Kg5 44. Rf5+ Kg6 45. Kf4 Be6 46. Rh5 Bd5 47. Rxh4 Kf6 48. Rh6+ Kg7 49. Rd6 1-0


[Site "https://www.chess.com"]

[Event "Titled Tuesday Blitz August 09 Early 2022"]
[White "Yurovskykh, Oleksandr"]
[Black "Remolar Gallen, Jose"]
[WhiteFideId "14134020"]
[BlackFideId "2215187"]
[WhiteElo "2292"]
[BlackElo "2205"]
[Result "1-0"]
[Round "06"]
[TimeControl "180+1"]
[Date "2022.08.09"]
[WhiteClock "0:00:56"]
[BlackClock "0:00:03"]

1. d4 Nf6 2. Nf3 g6 3. Bg5 Bg7 4. Nbd2 h6 5. Bh4 d5 6. e3 Bf5 7. Be2 O-O 8. O-O g5 9. Bg3 Ne4 10. Nxe4 dxe4 11. Nd2 c5 12. c3 Nc6 13. Qb3 cxd4 14. exd4 e5 15. d5 Na5 16. Qa4 Qxd5 17. Rad1 Nc6 18. Nc4 Qc5 19. Nd6 Bg6 20. Nxe4 Bxe4 21. Qxe4 f5 22. Qc4+ Qxc4 23. Bxc4+ Kh7 24. f3 Rad8 25. Bf2 Kg6 26. g4 h5 27. gxf5+ Kxf5 28. Bd3+ Kf6 29. Be4 Rfe8 30. h4 Bf8 31. hxg5+ Kxg5 32. Be3+ Kf6 33. Kf2 Be7 34. Rxd8 Bxd8 35. Rg1 Rh8 36. Rg6+ Kf7 37. Rd6 Ke7 38. Bc5 Kf7 39. Rd7+ Ke6 40. Rxb7 Ne7 41. Rxa7 h4 42. Kg2 h3+ 43. Kh2 Kf7 44. Bf5 Rh5 45. Bxe7 Bxe7 46. Bg6+ Kxg6 47. Rxe7 Rf5 48. Kxh3 Rxf3+ 49. Kg2 Kf5 50. Rf7+ 1-0


[Site "https://www.chess.com"]

[Event "Titled Tuesday Blitz August 09 Early 2022"]
[White "Zamorano, Jorge"]
[Black "Baches Garcia, Guillermo"]
[WhiteFideId "173770"]
[BlackFideId "2209764"]
[WhiteElo "2331"]
[BlackElo "2515"]
[Result "1/2-1/2"]
[Round "06"]
[TimeControl "180+1"]
[Date "2022.08.09"]
[WhiteClock "0:00:05"]
[BlackClock "0:00:24"]

1. d4 Nf6 2. c4 e6 3. Nf3 d5 4. Nc3 c5 5. cxd5 Nxd5 6. e4 Nxc3 7. bxc3 cxd4 8. cxd4 Bb4+ 9. Bd2 Bxd2+ 10. Qxd2 O-O 11. Bc4 Nd7 12. O-O b6 13. Rfe1 Bb7 14. Rad1 Rc8 15. Bb3 Re8 16. Qf4 Qc7 17. Qh4 h6 18. h3 b5 19. d5 exd5 20. Bxd5 Nc5 21. Re3 Bxd5 22. exd5 Rxe3 23. fxe3 Qd6 24. Qd4 Re8 25. Rc1 Ne4 26. Rc6 Qg3 27. Rc2 a5 28. Qb6 Nd6 29. Re2 a4 30. Qd4 Rc8 31. Qd1 Ne4 32. Qe1 Qg6 33. Nd4 b4 34. Nb5 b3 35. axb3 axb3 36. Nd4 Rb8 37. Rb2 Qb6 38. Rxb3 Qc7 39. Rxb8+ Qxb8 40. Qd1 Qg3 41. Qe2 Qe5 42. Qb5 Nd6 43. Qb2 Qxe3+ 44. Qf2 Qe5 45. Nc6 Qe4 46. Qf3 f5 47. Qxe4 fxe4 48. Kf2 Kf7 49. Ke3 Kf6 50. Kd4 Kf5 51. g3 g5 52. Ne7+ Kf6 53. Nc6 Kf5 54. Ne7+ Kf6 55. Nc6 Kf5 1/2-1/2


[Site "https://www.chess.com"]

[Event "Titled Tuesday Blitz August 09 Early 2022"]
[White "Zemlyanskii, Ivan"]
[Black "Stepanencu, Nicodim-Cosmin"]
[WhiteFideId "24249971"]
[BlackFideId "1256220"]
[WhiteElo "1879"]
[BlackElo "1941"]
[Result "1-0"]
[Round "06"]
[TimeControl "180+1"]
[Date "2022.08.09"]
[WhiteClock "0:02:25"]
[BlackClock "0:02:18"]

1. d4 g6 2. c4 Bg7 3. Nc3 d6 4. e4 Nc6 5. Be3 e5 6. d5 Nce7 7. Nge2 f5 8. f3 Nf6 9. h3 O-O 10. Qd2 c5 11. dxc6 bxc6 12. O-O-O Ne8 13. c5 d5 14. exd5 cxd5 15. Nxd5 Nxd5 16. Qxd5+ Be6 17. Qxe6+ 1-0


[Site "https://www.chess.com"]

[Event "Titled Tuesday Blitz August 09 Early 2022"]
[White "Zenin, Dmitry"]
[Black "Jiganchine, Roman"]
[WhiteFideId "4127897"]
[BlackFideId "2603667"]
[WhiteElo "2215"]
[BlackElo "2302"]
[Result "1-0"]
[Round "06"]
[TimeControl "180+1"]
[Date "2022.08.09"]
[WhiteClock "0:00:17"]
[BlackClock "0:00:01"]

1. c4 e6 2. Nc3 d5 3. d4 Nf6 4. cxd5 exd5 5. Bg5 c6 6. e3 Bf5 7. Qf3 Bg6 8. Bxf6 Qxf6 9. Qxf6 gxf6 10. Nf3 Nd7 11. Nh4 a5 12. g3 Be7 13. Bh3 Nb6 14. Ke2 Nc4 15. b3 Nd6 16. f4 Be4 17. Nxe4 Nxe4 18. Bf5 Nd6 19. Bd3 Kd7 20. a4 h6 21. Kf3 Rhb8 22. Rhc1 b5 23. axb5 cxb5 24. Rc5 a4 25. bxa4 bxa4 26. Rxd5 Ke6 27. Rc5 Rb3 28. Bc2 Rb4 29. Rc7 Bd8 30. Rc6 Kd7 31. Rc5 Bb6 32. Rd5 Kc6 33. Rh5 a3 34. Nf5 Rb2 35. Bd3 Nxf5 36. Rxf5 Ra7 37. Rxf6+ Kc7 38. Rxf7+ Kd6 39. Rxa7 Bxa7 40. Rxa3 Bb6 41. Ra8 Rxh2 42. Rg8 Bc7 43. Rg6+ Kd7 44. e4 Bd8 45. e5 Ke7 46. d5 h5 47. d6+ Kf7 48. Rh6 Bb6 49. Rh7+ Kg8 50. Re7 1-0


[Site "https://www.chess.com"]

[Event "Titled Tuesday Blitz August 09 Early 2022"]
[White "Zhigalko, Sergei"]
[Black "Yaksin, Oleg"]
[WhiteFideId "13502956"]
[BlackFideId "24105880"]
[WhiteElo "2860"]
[BlackElo "2678"]
[Result "1/2-1/2"]
[Round "06"]
[TimeControl "180+1"]
[Date "2022.08.09"]
[WhiteClock "0:00:05"]
[BlackClock "0:00:05"]

1. e4 c5 2. Nf3 d6 3. d4 cxd4 4. Qxd4 Nc6 5. Bb5 Bd7 6. Bxc6 Bxc6 7. Nc3 h6 8. Qd3 e5 9. Nd2 Nf6 10. Nc4 Be7 11. Ne3 Rc8 12. O-O g6 13. Rd1 Kf8 14. Ned5 Bxd5 15. Nxd5 Nxd5 16. Qxd5 Rxc2 17. Qxb7 Qb6 18. Qxb6 axb6 19. Be3 Rxb2 20. Rdb1 Rxb1+ 21. Rxb1 Bd8 22. Rc1 Kg7 23. a4 f5 24. f3 fxe4 25. fxe4 Re8 26. Rc6 Be7 27. Bxb6 Ra8 28. a5 Kf6 29. Kf2 Ke6 30. Ke3 Bd8 31. Bxd8 Rxd8 32. a6 Ra8 33. Rb6 Kd7 34. h4 h5 35. g3 Kc7 36. Rb7+ Kc6 37. Rg7 Rxa6 38. Rxg6 Ra3+ 39. Kf2 Ra2+ 40. Kf3 Ra3+ 41. Kf2 Ra2+ 42. Kf3 Ra3+ 43. Kg2 Ra2+ 44. Kh3 Re2 45. Rh6 Rxe4 46. Rxh5 d5 47. Rh8 d4 48. h5 d3 49. Rc8+ Kd7 50. Rc1 Ke7 51. Rd1 Rd4 52. Kg2 Kf6 53. Kf3 Kg5 54. Ke3 Kxh5 55. Rxd3 Rxd3+ 56. Kxd3 Kg4 57. Ke4 Kxg3 58. Kxe5 1/2-1/2


[Site "https://www.chess.com"]

[Event "Titled Tuesday Blitz August 09 Early 2022"]
[White "Ziatdinov, Raset"]
[Black "Mikhalsky, Vladimir"]
[WhiteFideId "2015323"]
[BlackFideId "14144352"]
[WhiteElo "2220"]
[BlackElo "2301"]
[Result "1-0"]
[Round "06"]
[TimeControl "180+1"]
[Date "2022.08.09"]
[WhiteClock "0:00:13"]
[BlackClock "0:00:13"]

1. e4 g6 2. d4 Bg7 3. Nc3 d6 4. Nf3 Nf6 5. Bd3 O-O 6. O-O Bg4 7. h3 Bxf3 8. Qxf3 Nc6 9. Be3 a6 10. Rad1 e5 11. d5 Nd4 12. Bxd4 exd4 13. Ne2 Nd7 14. Qg3 Re8 15. f4 Nc5 16. Qf3 Qe7 17. Ng3 Na4 18. f5 Be5 19. f6 Qd7 20. b3 Nc3 21. Rde1 b5 22. Ne2 c5 23. Nf4 Kh8 24. Ne2 Rac8 25. Nxc3 dxc3 26. Kh1 h5 27. Qe3 Kh7 28. Qg5 Bd4 29. Rf4 Re5 30. Qh4 Kg8 31. Qg3 Rce8 32. Ref1 Kh7 33. Rf5 Rg8 34. Rxe5 Bxe5 35. Qf3 Qd8 36. a4 c4 37. bxc4 bxa4 38. g4 Rh8 39. gxh5 g5 40. Qf5+ Kh6 41. Rg1 Qxf6 42. Qxf6+ Bxf6 43. Be2 Be5 44. Ra1 Rb8 45. Kg2 Rb2 46. Bd3 Rb4 47. Ra3 Kxh5 48. Kf3 Kg6 49. Kg4 f6 50. Ra1 a5 51. Ra2 Bd4 52. Ra1 Bc5 53. Ra2 Rb1 54. Rxa4 Rg1+ 55. Kf3 Rh1 56. Kg2 Rg1+ 57. Kh2 Re1 58. Rxa5 Rd1 59. e5+ Kg7 60. exd6 Bxd6+ 61. Kg2 Bf4 62. Ra7+ Kf8 63. Ra2 Ke7 64. Kf3 Kd6 65. Kg4 Rg1+ 66. Kf5 Rf1 67. Bxf1 Kc5 68. Ra5+ Kb4 69. Rb5+ Ka4 70. c5 Be5 71. c6 Bd6 72. Ke6 Be5 73. d6 1-0


[Site "https://www.chess.com"]

[Event "Titled Tuesday Blitz August 09 Early 2022"]
[White "Zou, Chen"]
[Black "Gareyev, Timur"]
[WhiteFideId "8610959"]
[BlackFideId "14200937"]
[WhiteElo "2728"]
[BlackElo "2873"]
[Result "1-0"]
[Round "06"]
[TimeControl "180+1"]
[Date "2022.08.09"]
[WhiteClock "0:00:06"]
[BlackClock "0:00:37"]

1. d4 d5 2. c4 e6 3. Nf3 c6 4. e3 f5 5. Bd3 Nd7 6. O-O Nh6 7. b3 Be7 8. Ba3 O-O 9. Bxe7 Qxe7 10. Qc1 Rf6 11. Qa3 Qd8 12. Nbd2 Nf7 13. b4 Rh6 14. Rfc1 Nf6 15. b5 cxb5 16. cxd5 exd5 17. Bxb5 Ne4 18. Nf1 Be6 19. Rc2 Nfd6 20. Bd3 Nc4 21. Bxc4 dxc4 22. Ne5 Bd5 23. f3 Nd6 24. Qc5 Be6 25. d5 b6 26. Qd4 Nb5 27. Qxc4 Qxd5 28. Qxd5 Bxd5 29. Rd1 Be6 30. Ng3 Rf8 31. Ne2 Re8 32. Nd4 Nxd4 33. Rxd4 Rf6 34. f4 Rc8 35. Rcd2 Rff8 36. Kf2 Rc7 37. Rd6 Re8 38. Rxe6 1-0


[Site "https://www.chess.com"]

[Event "Titled Tuesday Blitz August 09 Early 2022"]
[White "Aaditya Dhingra"]
[Black "Mika, Tomasz"]
[WhiteFideId "25678191"]
[BlackFideId "1132970"]
[WhiteElo "1849"]
[BlackElo "2126"]
[Result "1-0"]
[Round "07"]
[TimeControl "180+1"]
[Date "2022.08.09"]
[WhiteClock "0:00:14"]
[BlackClock "0:00:08"]

1. e4 c6 2. Nc3 d5 3. Nf3 Nf6 4. e5 Ne4 5. Ne2 Qb6 6. d4 e6 7. Ng3 c5 8. Bd3 Nxg3 9. hxg3 cxd4 10. Nxd4 Bd7 11. c3 Nc6 12. Nxc6 Bxc6 13. Qe2 O-O-O 14. Bg5 Rd7 15. O-O-O h6 16. Bc2 Bc5 17. b4 Be7 18. Be3 Qb5 19. Bd3 Qa4 20. b5 d4 21. bxc6 Qxc6 22. Bb5 Qxc3+ 23. Kb1 Qb4+ 24. Qb2 Qxb2+ 25. Kxb2 Rd5 26. Bc4 dxe3 27. Bxd5 exd5 28. fxe3 Rd8 29. Kc3 Bc5 30. Kd3 Kd7 31. e4 Ke6 32. exd5+ Rxd5+ 33. Kc4 Rxe5 34. Rhe1 b6 35. Rxe5+ Kxe5 36. Rd7 Ke6 37. Rxa7 g5 38. a4 Bf2 39. Rb7 h5 40. Kb5 f5 41. Rh7 h4 42. gxh4 gxh4 43. Kc4 f4 44. Rh5 Kf6 45. Kd3 Kg6 46. Re5 Bg1 47. Ke4 Be3 48. Kf3 Bd4 49. Rd5 Be3 50. Kg4 Kf6 51. Kxh4 Ke6 52. Rb5 Kd6 53. Kg4 Kc6 54. Kf3 Kc7 55. Ke4 Bc1 56. Rf5 Kb7 57. Rxf4 Bxf4 58. Kxf4 Ka6 59. g4 Ka5 60. g5 Kxa4 61. g6 b5 62. g7 b4 63. g8=Q Ka3 64. Qg1 b3 65. Qa1+ Kb4 66. Ke3 1-0


[Site "https://www.chess.com"]

[Event "Titled Tuesday Blitz August 09 Early 2022"]
[White "Adewumi, Tanitoluwa"]
[Black "Averjanov, Alexey"]
[WhiteFideId "30966396"]
[BlackFideId "14109867"]
[WhiteElo "2526"]
[BlackElo "2645"]
[Result "0-1"]
[Round "07"]
[TimeControl "180+1"]
[Date "2022.08.09"]
[WhiteClock "0:00:01"]
[BlackClock "0:01:03"]

1. e4 c6 2. d4 d5 3. exd5 cxd5 4. Bd3 Nc6 5. c3 Qc7 6. Ne2 Bg4 7. O-O Bh5 8. Qe1 e6 9. Bg5 Bd6 10. f4 h6 11. Bh4 g5 12. Bg3 Bxe2 13. Qxe2 gxf4 14. Bh4 Nge7 15. Na3 a6 16. Bf6 Rg8 17. Qh5 O-O-O 18. Qxf7 e5 19. dxe5 Bxe5 20. Rae1 Bxf6 21. Qxf6 Rdf8 22. Qe6+ Kb8 23. Rf3 Rg6 24. Qh3 Rg5 25. Nc2 Rfg8 26. Re2 Ne5 27. Nd4 Nxf3+ 28. Qxf3 Nc6 29. Ne6 Qb6+ 30. Kf1 Re5 31. Qxf4 Ka7 32. Rxe5 Nxe5 33. Qxe5 Qxb2 34. Qe3+ Ka8 35. Nc7+ Kb8 36. Nxd5 Qxg2+ 37. Ke1 Qxd5 38. c4 Qh1+ 39. Kd2 Qxh2+ 40. Kc3 Qc7 41. Qxh6 Qg7+ 42. Qxg7 Rxg7 43. Kd4 Kc7 44. Be4 b6 45. c5 Rd7+ 46. Kc4 b5+ 47. Kc3 Re7 48. Bg2 Re5 49. Kb4 Rg5 50. Bf3 Rf5 51. Bg2 Rf4+ 52. Ka5 Ra4# 0-1


[Site "https://www.chess.com"]

[Event "Titled Tuesday Blitz August 09 Early 2022"]
[White "Adury, Anant"]
[Black "Degardin, Sylvain"]
[WhiteFideId "30964687"]
[BlackFideId "20623070"]
[WhiteElo "2323"]
[BlackElo "2146"]
[Result "0-1"]
[Round "07"]
[TimeControl "180+1"]
[Date "2022.08.09"]
[WhiteClock "0:01:30"]
[BlackClock "0:00:46"]

1. d4 e6 2. c4 f5 3. Nc3 Nf6 4. Bg5 Bb4 5. Nf3 O-O 6. e3 b6 7. Bd3 Bb7 8. Qd2 Qe8 9. a3 Bxc3 10. Qxc3 Ne4 11. Bxe4 fxe4 12. Nd2 Qg6 13. h4 h6 14. Bf4 Qxg2 15. O-O-O Rxf4 16. exf4 Qxf2 17. Rdf1 Qe2 18. Re1 Qd3 19. Qxd3 exd3 20. Rhg1 Nc6 21. d5 Nd4 22. dxe6 Ne2+ 23. Rxe2 dxe2 24. exd7 Rd8 25. Re1 Rxd7 26. Rxe2 Kf7 27. Kc2 Rd4 28. Rf2 Kf6 29. Kc3 c5 30. b4 Kf5 31. bxc5 bxc5 32. Nb3 Rxf4 33. Rxf4+ Kxf4 34. Nxc5 Bc8 35. Kd4 Kg4 36. Ne4 Kxh4 37. c5 g5 38. c6 g4 39. Nd6 Ba6 40. Ke3 Kh3 41. Kf2 Kh2 42. Nf5 h5 43. c7 Bc8 44. a4 Bxf5 0-1


[Site "https://www.chess.com"]

[Event "Titled Tuesday Blitz August 09 Early 2022"]
[White "Al-Tarboush, Ward"]
[Black "Estrada Nieto, Julian"]
[WhiteFideId "7601450"]
[BlackFideId "5101018"]
[WhiteElo "2234"]
[BlackElo "2252"]
[Result "1-0"]
[Round "07"]
[TimeControl "180+1"]
[Date "2022.08.09"]
[WhiteClock "0:00:42"]
[BlackClock "0:00:03"]

1. e4 e5 2. Nf3 Nc6 3. Bb5 a6 4. Ba4 Nf6 5. O-O Be7 6. Re1 b5 7. Bb3 d6 8. c3 O-O 9. d4 Bg4 10. Be3 exd4 11. cxd4 Na5 12. Bc2 c5 13. Nc3 Nc4 14. Nd5 Nxd5 15. exd5 Nxe3 16. fxe3 cxd4 17. Qxd4 Bxf3 18. gxf3 Bf6 19. Qd3 g6 20. Rab1 Rc8 21. Re2 Re8 22. f4 Bg7 23. Kg2 Qh4 24. Rf1 Bxb2 25. Rf3 Rc3 26. Qd1 Rec8 27. Rg3 Kg7 28. Bb3 Rc1 29. Qd3 Qf6 30. Qd2 R1c3 31. Qxb2 a5 32. Bd1 b4 33. Qd2 a4 34. Qd4 Qxd4 35. exd4 b3 36. Rxc3 Rxc3 37. axb3 axb3 38. Rb2 Rd3 39. Bxb3 Rxd4 40. Kf3 Rd3+ 41. Ke2 Rh3 42. Kd1 Kf6 43. Ba4 h6 44. Bc6 g5 45. fxg5+ hxg5 46. Rf2+ Ke7 47. Re2+ Kf6 48. Rf2+ Ke7 49. Ke2 f6 50. Rg2 Kf7 51. Bd7 Rh4 52. Be6+ Kg6 53. h3 Re4+ 54. Kf3 f5 55. Bxf5+ Kxf5 56. Rxg5+ Kxg5 57. Kxe4 Kf6 58. Kf4 Kg6 59. h4 Kh5 60. Kf5 Kxh4 61. Ke6 Kg5 62. Kxd6 Kf5 63. Kc6 Ke5 64. d6 Ke6 65. d7 1-0


[Site "https://www.chess.com"]

[Event "Titled Tuesday Blitz August 09 Early 2022"]
[White "Altman, Joshua"]
[Black "Rosenberg, Evan S"]
[WhiteFideId "426210"]
[BlackFideId "2019299"]
[WhiteElo "1945"]
[BlackElo "2432"]
[Result "1-0"]
[Round "07"]
[TimeControl "180+1"]
[Date "2022.08.09"]
[WhiteClock "0:00:09"]
[BlackClock "0:00:11"]

1. d4 Nf6 2. c4 e6 3. Nf3 Bb4+ 4. Nbd2 b6 5. g3 Bb7 6. Bg2 O-O 7. O-O Bxd2 8. Qxd2 d6 9. b3 a5 10. a3 Qe7 11. Bb2 Nbd7 12. Rfd1 Rad8 13. b4 Ne4 14. Qc2 Ndf6 15. Nd2 d5 16. Nxe4 Nxe4 17. bxa5 bxa5 18. c5 Bc6 19. f3 Nf6 20. Bc3 a4 21. e4 dxe4 22. fxe4 Ng4 23. Qe2 Qg5 24. Bd2 Qg6 25. Bf4 e5 26. dxe5 Rde8 27. Qc4 Nxe5 28. Qd4 f6 29. h3 h5 30. Kh2 h4 31. g4 Qf7 32. Rf1 Qb3 33. Rab1 Qxa3 34. Rbe1 Rd8 35. Qf2 g5 36. Bc1 Nd3 37. Bxa3 Nxf2 38. Rxf2 Rd3 39. Rf3 Rxf3 40. Bxf3 Rd8 41. Rd1 Rxd1 42. Bxd1 Bxe4 43. Bxa4 c6 44. Kg1 Kf7 45. Bb2 Ke6 46. Kf2 f5 47. Bb3+ Ke7 48. Bc1 fxg4 49. Bxg5+ Kd7 50. hxg4 h3 51. Kg3 Bg2 52. Bd1 Ke6 53. Bf3 Bxf3 54. Kxf3 Kd5 55. Be7 Ke6 56. Bd6 Kf6 57. Kg3 h2 58. Kxh2 Kg5 59. Kg3 Kg6 60. Kf4 Kh7 61. g5 Kg8 62. Kf5 Kf7 63. g6+ Kg7 64. Be5+ Kg8 65. Kf6 Kf8 66. g7+ Kg8 67. Bd6 Kh7 68. Kf7 Kh6 69. g8=Q Kh5 70. Kf6 Kh4 71. Qg3+ Kh5 72. Qg5# 1-0


[Site "https://www.chess.com"]

[Event "Titled Tuesday Blitz August 09 Early 2022"]
[White "Andreikin, Dmitry"]
[Black "Bortnyk, Olexandr"]
[WhiteFideId "4158814"]
[BlackFideId "14120828"]
[WhiteElo "2736"]
[BlackElo "2723"]
[Result "0-1"]
[Round "07"]
[TimeControl "180+1"]
[Date "2022.08.09"]
[WhiteClock "0:00:11"]
[BlackClock "0:00:26"]

1. d4 d6 2. e4 Nf6 3. Nc3 e5 4. Nf3 Nbd7 5. Bc4 Be7 6. O-O c6 7. a4 h6 8. Re1 Qc7 9. Ba2 Nf8 10. Ne2 Ng6 11. Ng3 O-O 12. Nf5 Bd8 13. Bxh6 gxh6 14. Nxh6+ Kg7 15. Nf5+ Bxf5 16. exf5 Nf4 17. dxe5 dxe5 18. Nxe5 Qc8 19. Re3 Qxf5 20. Rg3+ Kh7 21. Nxf7 Ne4 22. Qf3 Nxg3 23. hxg3 Nh3+ 24. Kf1 Qxf3 25. gxf3 Ng5 26. Nxg5+ Bxg5 27. f4 Bf6 28. Re1 Rfe8 29. Be6 Kg7 30. f5 Rad8 31. c3 Rd2 32. Re4 Rh8 33. Kg2 Rxb2 34. Rg4+ Kf8 35. Rg6 Ke7 36. g4 Bh4 37. Kf3 Rxf2+ 38. Ke4 Re2+ 39. Kf4 Bf6 40. g5 Be5+ 41. Kf3 Rhh2 42. Bc8 Rhf2+ 43. Kg4 Re4+ 44. Kh5 Rh2# 0-1


[Site "https://www.chess.com"]

[Event "Titled Tuesday Blitz August 09 Early 2022"]
[White "Aradhya, Garg"]
[Black "Yedidia, Daniel"]
[WhiteFideId "25006746"]
[BlackFideId "30905907"]
[WhiteElo "2203"]
[BlackElo "2545"]
[Result "1-0"]
[Round "07"]
[TimeControl "180+1"]
[Date "2022.08.09"]
[WhiteClock "0:00:16"]
[BlackClock "0:00:02"]

1. d4 Nf6 2. c4 e6 3. Nc3 Bb4 4. Nf3 b6 5. e3 Bb7 6. Bd3 d6 7. O-O Bxc3 8. bxc3 Ne4 9. Nd2 Nxd2 10. Bxd2 e5 11. a4 Nc6 12. Be4 Qc8 13. c5 O-O 14. cxd6 cxd6 15. Re1 Na5 16. Bd3 e4 17. Bc2 d5 18. Qh5 f5 19. h4 Qe8 20. Qg5 Rc8 21. Reb1 Ba6 22. Bd1 Qd8 23. f4 Qxg5 24. hxg5 Bd3 25. Rc1 Rc7 26. Kf2 Rfc8 27. g4 g6 28. gxf5 gxf5 29. Ra2 Bc4 30. Rb2 Kf7 31. Be2 Ke6 32. Rh1 Rg8 33. Bd1 Bd3 34. Be1 Nc4 35. Ra2 Nd6 36. Rh6+ Rg6 37. Rh2 Rcg7 38. Bh5 Bc4 39. Ra1 Nf7 40. a5 b5 41. a6 Rg8 42. Bxg6 hxg6 43. Bd2 Rb8 44. Rh7 Rb6 45. Bc1 Ke7 46. Ba3+ Ke6 47. Bc5 Rc6 48. Bxa7 Rc8 49. Bc5 Ra8 50. a7 Nd8 51. Ra6+ 1-0


[Site "https://www.chess.com"]

[Event "Titled Tuesday Blitz August 09 Early 2022"]
[White "Aslanov, Umid"]
[Black "Kaufman, Raymond"]
[WhiteFideId "13412620"]
[BlackFideId "2015056"]
[WhiteElo "1826"]
[BlackElo "2321"]
[Result "0-1"]
[Round "07"]
[TimeControl "180+1"]
[Date "2022.08.09"]
[WhiteClock "0:00:44"]
[BlackClock "0:00:13"]

1. e4 e5 2. Nf3 Nc6 3. Bc4 Bc5 4. c3 Nf6 5. d3 d6 6. O-O a5 7. a4 O-O 8. Nbd2 h6 9. h3 Ba7 10. Re1 Re8 11. Bb3 Be6 12. Bc2 Ne7 13. Nf1 Ng6 14. Ng3 Qd7 15. Qe2 d5 16. Kh2 Nf4 17. Bxf4 exf4 18. Nf1 dxe4 19. dxe4 Qc6 20. Rad1 Bc4 21. Qd2 Nxe4 22. Qxf4 Nxf2 23. Ng3 Nxd1 24. Rxd1 Be3 25. Qf5 g6 26. Qg4 Be6 27. Qh4 Bf2 28. Qxh6 Bxg3+ 29. Kxg3 Bc4 30. Ng5 Qf6 31. Qh7+ Kf8 32. Rd4 Qxg5+ 33. Rg4 Re3+ 34. Kf2 Re2+ 35. Kg1 Qe3+ 36. Kh2 Qe5+ 37. Rg3 Rxc2 38. Qh6+ Qg7 39. Qf4 Rd8 40. Qxc7 Re8 41. Qd6+ Kg8 42. Qd7 Ree2 43. Qc8+ Qf8 44. Qxc4 Qd6 45. Qc8+ Kg7 46. Qxb7 Rxg2+ 47. Qxg2 Rxg2+ 48. Kxg2 Qd2+ 49. Kf3 Qxb2 50. Ke4 Qc2+ 51. Kd5 Qxa4 52. c4 Qd7+ 53. Kc5 Qc7+ 54. Kb5 Qxg3 55. c5 Qe5 56. Kb6 a4 57. c6 a3 58. c7 Qd6+ 59. Kb7 Qxc7+ 60. Kxc7 a2 61. Kd6 a1=Q 62. Kd5 Qf6 63. Ke4 Qf5+ 64. Ke3 Qxh3+ 65. Kf2 0-1


[Site "https://www.chess.com"]

[Event "Titled Tuesday Blitz August 09 Early 2022"]
[White "Atakhan, Abtin"]
[Black "Gurevich, Dmitry"]
[WhiteFideId "22502203"]
[BlackFideId "2000407"]
[WhiteElo "2087"]
[BlackElo "2506"]
[Result "1-0"]
[Round "07"]
[TimeControl "180+1"]
[Date "2022.08.09"]
[WhiteClock "0:00:04"]
[BlackClock "0:00:03"]

1. d4 Nf6 2. c4 a6 3. Nc3 c5 4. dxc5 e6 5. e4 Qc7 6. Nf3 Bxc5 7. Be2 Be7 8. e5 Ng4 9. Qd4 h5 10. Ne4 Nc6 11. Nd6+ Kf8 12. Qf4 Ncxe5 13. Nxe5 Nxe5 14. Nxf7 Nd3+ 15. Bxd3 Qxf4 16. Bxf4 Kxf7 17. O-O g5 18. Be3 Bf6 19. Rab1 b5 20. Be4 Rb8 21. Ba7 Rb7 22. Bxb7 Bxb7 23. cxb5 axb5 24. Rfd1 Bd5 25. a3 Ra8 26. Bd4 Be7 27. Rbc1 Ra4 28. Bc5 Bf6 29. Rd2 g4 30. Rcd1 Rc4 31. Bb4 Bg5 32. Re2 Bc6 33. b3 Rf4 34. Bd2 Rd4 35. Kf1 Rd3 36. Ke1 Bxd2+ 37. Rexd2 Rxb3 38. Rd3 Rb2 39. R1d2 Rb1+ 40. Ke2 Rg1 41. g3 Rh1 42. Ke3 Rxh2 43. Kf4 Kf6 44. Re3 Rh1 45. Re5 Ra1 46. Rxh5 Rxa3 47. Rh6+ Kg7 48. Rh4 Ra4+ 49. Kg5 Rc4 50. Rxg4 Rc3 51. Rf4 Bd5 52. Rb2 Bc6 53. Rb1 Rc5+ 54. Kh4 Kg6 55. Rg4+ Kf6 56. Rf4+ Kg6 57. Kh3 Rh5+ 58. Rh4 Rd5 59. Rc1 Rd2 60. f4 Bg2+ 61. Kh2 Bf3+ 62. Kh3 Be4 63. g4 Rd3+ 64. Kh2 b4 65. g5 b3 66. Rh6+ Kf5 67. g6 Kg4 68. g7 Rd2+ 69. Kg1 Rg2+ 70. Kf1 Kf3 71. Rh3+ Kxf4 72. Rh4+ Kf5 73. Rxe4 Rxg7 74. Re2 d5 75. Rb1 e5 76. Rxb3 e4 77. Rb5 Ke5 78. Rd2 Rd7 79. Ke2 Rd6 80. Ke3 Rd7 81. Rd4 1-0


[Site "https://www.chess.com"]

[Event "Titled Tuesday Blitz August 09 Early 2022"]
[White "Avinash, Ramesh"]
[Black "Slugin, Sergey"]
[WhiteFideId "45018340"]
[BlackFideId "4122569"]
[WhiteElo "1901"]
[BlackElo "2330"]
[Result "1-0"]
[Round "07"]
[TimeControl "180+1"]
[Date "2022.08.09"]
[WhiteClock "0:00:15"]
[BlackClock "0:00:01"]

1. e4 e5 2. Nf3 Nc6 3. Bb5 a6 4. Ba4 d6 5. d4 b5 6. Bb3 Nxd4 7. Nxd4 exd4 8. Bd5 Rb8 9. Bc6+ Bd7 10. Bxd7+ Qxd7 11. Qxd4 Nf6 12. O-O Be7 13. a4 b4 14. Nd2 O-O 15. Qd3 Qc6 16. b3 Nd7 17. Bb2 Bf6 18. Bxf6 Nxf6 19. Rfe1 Rfe8 20. f3 Nd7 21. Qc4 Qb7 22. Rad1 Ne5 23. Qe2 Qc6 24. Nf1 a5 25. Ne3 Qc5 26. Qf2 Rb6 27. Nd5 Qxf2+ 28. Kxf2 Rc6 29. Ne3 g6 30. Rd5 Ra8 31. Red1 Nd7 32. h4 h5 33. Rb5 Nb6 34. Rd2 Kf8 35. g3 Nd7 36. Nc4 Rxc4 37. bxc4 Ke7 38. Rb7 Kd8 39. Rd5 Nc5 40. Rb5 Ke7 41. Rbxc5 dxc5 42. Rxc5 Kd6 43. Rd5+ Ke6 44. Ke3 c6 45. Rd1 Rb8 46. c5 b3 47. Rd6+ Ke7 48. cxb3 Rxb3+ 49. Kf4 Ra3 50. Rxc6 Rxa4 51. Ra6 Ra3 52. Ke5 Rxf3 53. Ra7+ Kf8 54. c6 Rc3 55. Kd6 Kg7 56. Rxa5 Rd3+ 57. Rd5 Rxg3 58. c7 Rc3 59. Rc5 1-0


[Site "https://www.chess.com"]

[Event "Titled Tuesday Blitz August 09 Early 2022"]
[White "Baches Garcia, Guillermo"]
[Black "Ziatdinov, Raset"]
[WhiteFideId "2209764"]
[BlackFideId "2015323"]
[WhiteElo "2519"]
[BlackElo "2220"]
[Result "0-1"]
[Round "07"]
[TimeControl "180+1"]
[Date "2022.08.09"]
[WhiteClock "0:01:23"]
[BlackClock "0:01:45"]

1. e4 e6 2. d4 d5 3. exd5 exd5 4. Nf3 Nf6 5. Bd3 Bd6 6. O-O O-O 7. h3 Nc6 8. Bg5 h6 9. Bh4 Bf4 10. Nbd2 Qd6 11. c3 g5 12. Bg3 Bxg3 13. fxg3 Qxg3 14. Qe2 Bxh3 15. Ne5 Nxe5 16. dxe5 Ng4 17. Nf3 Rae8 18. Kh1 Rxe5 19. Qd2 Re3 20. gxh3 Qxh3+ 21. Kg1 Rxf3 22. Rxf3 Qxf3 23. Bf1 Qe3+ 0-1


[Site "https://www.chess.com"]